 Dungeon Crawl Stone Soup version 0.22-a0-99-g1ac4c55 (webtiles) character file.

34330 KristoblXynda the Grappler (level 13, -9/119 HPs)
             Began as a Green Draconian Monk on Jan 25, 2018.
             Was a High Priest of Ashenzari.
             Mangled by a white ugly thing (13 damage)
             ... on level 14 of the Dungeon.
             The game lasted 00:59:37 (17760 turns).

KristoblXynda the Grappler (Green Draconian Monk)  Turns: 17760, Time: 00:59:38

Health: -9/119     AC: 11    Str: 16    XL:     13   Next: 41%
Magic:  21/21      EV: 19    Int: 14    God:    Ashenzari [*****.]
Gold:   720        SH:  6    Dex: 16    Spells: 19/23 levels left

rFire    . . .     SeeInvis +     - Unarmed
rCold    . . .     Gourm    +   c - +0 buckler (curse)
rNeg     + . .     Faith    .   (armour unavailable)
rPois    +         Spirit   .   (helmet restricted)
rElec    .         Reflect  .   i - +1 cloak (curse)
rCorr    .         Harm     .   y - +0 pair of gloves (curse)
MR       .....     Clarity  +   (no boots)
Stlth    +++.......             z - amulet of the gourmand
HPRegen  0.29/turn              k - +3 ring of dexterity (curse)
MPRegen  0.17/turn              b - ring of positive energy (curse)

@: no status effects
A: breathe noxious fumes, unfitting armour, blurry vision 1, poison resistance,
wild magic 1, cold-blooded, AC +8
a: Breathe Noxious Fumes, Curse Item, Scrying, Transfer Knowledge, Renounce
Religion


You were on level 14 of the Dungeon.
You worshipped Ashenzari.
Ashenzari was extremely pleased with you.
You were full.

You visited 2 branches of the dungeon, and saw 15 of its levels.

You collected 720 gold pieces.

Inventory:

Missiles
 p - 14 tomahawks of dispersal (quivered)
 s - 5 throwing nets
Armour
 c - a cursed +0 buckler (worn)
 i - a cursed +1 cloak (worn)
 y - a cursed +0 pair of gloves (worn)
Jewellery
 b - a cursed ring of positive energy (right hand)
 k - a cursed +3 ring of dexterity (left hand)
 z - an amulet of the gourmand (around neck)
Wands
 g - a wand of disintegration (1)
Scrolls
 d - 4 scrolls of teleportation
 e - 4 scrolls of enchant armour
 f - 3 scrolls of amnesia
 j - 4 scrolls of magic mapping
 m - a scroll of blinking
 r - 6 scrolls of remove curse
 t - a scroll of immolation
 C - 2 scrolls of identify
Potions
 h - 3 potions of ambrosia
 n - a potion of brilliance
 o - 4 potions of flight
 x - 3 potions of haste
 A - a potion of curing
Books
 l - a book of Misfortune

   Spells                             Type                      Level
   a - Confusing Touch                Hexes                        1
   b - Confuse                        Hexes                        3
   c - Gell's Gravitas                Translocation                3
   d - Petrify                        Transmutation/Earth          4
   e - Metabolic Englaciation         Hexes/Ice                    5
   f - Yara's Violent Unravelling     Hexes/Transmutation          5
 u - a book of Changes

   Spells                             Type                      Level
   a - Beastly Appendage              Transmutation                1
   b - Sticks to Snakes               Transmutation                2
   c - Spider Form                    Transmutation/Poison         3
   d - Ice Form                       Ice/Transmutation            4
   e - Blade Hands                    Transmutation                5
 v - a book of Cantrips

   Spells                             Type                      Level
   a - Confusing Touch                Hexes                        1
   b - Animate Skeleton               Necromancy                   1
   c - Summon Small Mammal            Summoning                    1
   d - Apportation                    Translocation                1
 w - a book of Ice

   Spells                             Type                      Level
   a - Ice Form                       Ice/Transmutation            4
   b - Metabolic Englaciation         Hexes/Ice                    5
   c - Ozocubu's Refrigeration        Ice                          6
   d - Bolt of Cold                   Conjuration/Ice              6
   e - Freezing Cloud                 Conjuration/Ice/Air          6
   f - Simulacrum                     Ice/Necromancy               6
Comestibles
 a - 18 rations


   Skills:
 - Level 12.7 Fighting
 - Level 10.0 Dodging
 - Level 5.0 Stealth
 - Level 5.0(7.6) Shields
 + Level 12.9 Unarmed Combat
 + Level 5.5 Spellcasting
 + Level 2.2(4.3) Transmutations
 + Level 2.2(4.3) Earth Magic
 - Level 7.6(10.3) Evocations


You had 19 spell levels left.
You knew the following spells:

 Your Spells              Type           Power        Failure   Level  Hunger
a - Petrify               Tmut/Erth      ###.....     36%         4    ####...


Dungeon Overview and Level Annotations

Branches:
Dungeon (14/15)            Temple (1/1) D:4            Lair (0/6) D:10
    Orc (0/2) D:9          Vaults (0/5) D:13

Altars:
Ashenzari
Cheibriados
Dithmenos
Elyvilon
Fedhas
Gozag
Hepliaklqana
Kikubaaqudgha
Makhleb
Nemelex Xobeh
Okawaru
Qazlal
Ru
Sif Muna
Trog
Uskayaw
Vehumet
Wu Jian
Xom
Yredelemnul
Zin
The Shining One


Innate Abilities, Weirdness & Mutations

You can breathe blasts of noxious fumes.
Your lurid green scales are hard. (AC +8)
You cannot fit into any form of body armour.
Your system is resistant to poisons. (rPois)
You are cold-blooded and may be slowed by cold attacks.
Scrolls take you a little longer to read.
Your spells are a little harder to cast, but a little more powerful.


Message History

You feel yourself speed up.
The white ugly thing seems less confused.
The white ugly thing stings you! The white ugly thing freezes you!!
You punch the white ugly thing!
The white ugly thing is severely wounded.
The white ugly thing stings you!
* * * LOW HITPOINT WARNING * * *
The white ugly thing freezes you!!
* * * LOW HITPOINT WARNING * * *
You see here an uncursed giant spiked club.
Really read with blurry vision while enemies are nearby? [Y]es or [N]o only, please.
Really read with blurry vision while enemies are nearby? [Y]es or [N]o only, please.
Really read with blurry vision while enemies are nearby? [Y]es or [N]o only, please.
Really read with blurry vision while enemies are nearby?
You begin reading the scroll.
You continue reading the scroll.
The white ugly thing stings you!
You die...

* *
##################
### , ,, ,,
#....u@..........#
#.# *
#.†#####.#####...#
#.# , #))# #.#
#...# #.# * * #..#
#.# #...# #.# * ,*
#..# #.# #...# #.#
,,* #..# #.# #...#
#.# , * #..# #.#
#...# #.# * ,*
#..# #.# #...# #.#
, #..# #.# #...#
#.#


You could see a white ugly thing.

Vanquished Creatures
  Nessos (D:14)
  Azrael (D:13)
  Snorg (D:14)
  8 vault guards (D:13)
  A hydra (D:12)
  Harold (D:11)
  A centaur warrior (D:14)
  6 two-headed ogres
  A wolf spider zombie (D:13)
  2 cyclopes
  3 ugly things
  Joseph (D:8)
  A gargoyle (D:10)
  2 hornets
  8 trolls
  A hippogriff (D:9)
  Grinder (D:5)
  Sigmund (D:3)
  22 yaks
  Eustachio (D:6)
  4 fire elementals (D:13)
  4 wyverns
  5 vampire mosquitoes
  4 hungry ghosts
  3 hell hounds (D:13)
  2 ice beasts
  4 sky beasts
  4 orc warriors
  A black bear (D:10)
  A phantom (D:7)
  A necrophage (D:9)
  2 eyes of draining
  12 ogres
  5 centaurs
  5 crocodiles
  8 big kobolds
  Blork the orc (D:6)
  4 gnoll sergeants (D:9)
  7 bullfrogs
  3 wyvern zombies
  2 scorpions
  7 killer bees
  3 howler monkeys
  27 wights
  8 crimson imps
  3 centaur zombies
  4 orc priests
  3 bullfrog zombies
  2 quasits
  Crazy Yiuf (D:2)
  A gnoll shaman (D:7)
  3 hounds
  4 jellies
  6 orc wizards
  2 centaur skeletons
  Jessica (D:3)
  5 bullfrog skeletons
  An iguana (D:9)
  10 worker ants
  A howler monkey zombie (D:10)
  2 worker ant zombies
  3 howler monkey skeletons
  9 adders
  8 gnolls
  3 oozes
  2 adder zombies
  An adder skeleton (D:7)
  4 worms (D:2)
  2 dart slugs
  3 leopard geckos
  30 orcs
  A ball python (D:2)
  7 giant cockroaches
  6 hobgoblins
  13 jackals
  6 quokkas
  A ball python skeleton (D:5)
  3 bats
  3 frilled lizards (D:1)
  7 goblins
  21 kobolds
  A leopard gecko skeleton (D:4)
  9 rats
  A rat zombie (D:8)
384 creatures vanquished.

Notes
Turn   | Place    | Note
-------+----------+-------------------------------------------
     0 | D:1      | KristoblXynda the Draconian Monk began the quest for the Orb.
     0 | D:1      | Reached XP level 1. HP: 19/19 MP: 1/1
   187 | D:1      | Reached XP level 2. HP: 24/26 MP: 2/2
   869 | D:2      | Reached XP level 3. HP: 29/33 MP: 3/3
  1356 | D:2      | Reached XP level 4. HP: 29/40 MP: 4/4
  1794 | D:2      | Found a runed door.
  1876 | D:2      | Noticed Crazy Yiuf
  1887 | D:2      | Killed Crazy Yiuf
  2246 | D:3      | Reached XP level 5. HP: 46/46 MP: 5/5
  2364 | D:3      | Found an iron altar of Okawaru.
  2410 | D:3      | Noticed Jessica
  2421 | D:3      | Killed Jessica
  2460 | D:3      | Noticed Sigmund
  2481 | D:3      | Killed Sigmund
  2481 | D:3      | Reached skill level 5 in Unarmed Combat
  2481 | D:3      | Reached XP level 6. HP: 55/55 MP: 6/6
  3016 | D:4      | Found a shadowy altar of Dithmenos.
  3027 | D:4      | Reached skill level 5 in Fighting
  3031 | D:4      | Found a basalt altar of Yredelemnul.
  3034 | D:4      | Found a shattered altar of Ashenzari.
  3187 | D:4      | Became a worshipper of Ashenzari the Shackled
  3187 | D:4      | Reached * piety under Ashenzari
  3187 | D:4      | Reached ** piety under Ashenzari
  3318 | D:4      | Found a bloodstained altar of Trog.
  3412 | D:4      | Found a staircase to the Ecumenical Temple.
  3422 | Temple   | Entered the Ecumenical Temple
  3542 | D:5      | Entered Level 5 of the Dungeon
  3597 | D:5      | Your scales start taking on a lurid green colour.
  3597 | D:5      | Reached XP level 7. HP: 9/61 MP: 7/7
  3597 | D:5      | Gained mutation: Your system is resistant to poisons. (rPois) [Green Draconian growth]
  3603 | D:5      | Reached skill level 1 in Evocations
  3631 | D:5      | HP: 2/61 [gnoll/spear of piercing (8)]
  4098 | D:5      | Noticed Grinder
  4776 | D:5      | Found a sacrificial altar of Ru.
  4807 | D:5      | Found a stormy altar of Qazlal.
  4874 | D:5      | Killed Grinder
  4874 | D:5      | Reached skill level 5 in Dodging
  4874 | D:5      | Reached XP level 8. HP: 63/68 MP: 8/10
  5079 | D:6      | Noticed Blork the orc
  5089 | D:6      | Killed Blork the orc
  5305 | D:6      | Reached *** piety under Ashenzari
  5366 | D:6      | Noticed Eustachio
  5395 | D:6      | Killed Eustachio
  6120 | D:7      | Reached XP level 9. HP: 66/92 MP: 12/12
  6125 | D:7      | Found an opulent altar of Gozag.
  6125 | D:7      | Found a blossoming altar of Fedhas.
  6140 | D:7      | Reached XP level 10. HP: 75/100 MP: 13/13
  6449 | D:7      | Found a stormy altar of Qazlal.
  6622 | D:7      | Found a hazy altar of Hepliaklqana.
  6622 | D:7      | Found a shimmering altar of Xom.
  6624 | D:7      | Found a basalt altar of Yredelemnul.
  6624 | D:7      | Found a burning altar of Makhleb.
  6624 | D:7      | Found a hazy altar of Hepliaklqana.
  6769 | D:8      | Found a hazy altar of Hepliaklqana.
  6783 | D:8      | Noticed a two-headed ogre
  6806 | D:8      | Killed a two-headed ogre
  6806 | D:8      | Reached skill level 5 in Evocations
  7123 | D:8      | Noticed Joseph
  7144 | D:8      | Killed Joseph
  7626 | D:8      | Found an ancient bone altar of Kikubaaqudgha.
  8030 | D:9      | Reached skill level 10 in Unarmed Combat
  8035 | D:9      | Noticed a dagger
  8035 | D:9      | Noticed a dagger
  8314 | D:9      | Found a hide-covered altar of Uskayaw.
  8361 | D:9      | Reached **** piety under Ashenzari
  8512 | D:9      | Found a staircase to the Orcish Mines.
  8556 | D:9      | Reached XP level 11. HP: 25/105 MP: 14/14
  9127 | D:10     | Entered Level 10 of the Dungeon
  9200 | D:10     | Reached skill level 1 in Shields
  9353 | D:10     | Gained mutation: You are robust. (+10% HP) [potion of mutation]
  9353 | D:10     | Lost mutation: You are robust. (+10% HP) [potion of mutation]
  9353 | D:10     | Gained mutation: You are frail. (-10% HP) [potion of mutation]
  9353 | D:10     | Gained mutation: You evolve. [potion of mutation]
 10142 | D:10     | Found a staircase to the Lair.
 10332 | D:10     | Lost mutation: You are frail. (-10% HP) [evolution]
 10999 | D:11     | Lost mutation: You evolve. [potion of mutation]
 10999 | D:11     | Gained mutation: You are frail. (-10% HP) [potion of mutation]
 10999 | D:11     | Gained mutation: Your tail ends in a poisonous barb. [potion of mutation]
 11000 | D:11     | Lost mutation: You are frail. (-10% HP) [potion of mutation]
 11000 | D:11     | Lost mutation: Your tail ends in a poisonous barb. [potion of mutation]
 11000 | D:11     | Gained mutation: Your spells are a little harder to cast, but a little more powerful. [potion of mutation]
 11000 | D:11     | Gained mutation: You are dopey. (Int -2) [potion of mutation]
 11000 | D:11     | Gained mutation: Scrolls take you a little longer to read. [potion of mutation]
 11000 | D:11     | Gained mutation: You are agile. (Dex +2) [potion of mutation]
 11102 | D:11     | Noticed Harold
 11127 | D:11     | Killed Harold
 11127 | D:11     | Reached skill level 5 in Stealth
 12373 | D:12     | Found a shadowy altar of Dithmenos.
 12711 | D:12     | Lost mutation: Scrolls take you a little longer to read. [potion of mutation]
 12711 | D:12     | Lost mutation: Your spells are a little harder to cast, but a little more powerful. [potion of mutation]
 12711 | D:12     | Lost mutation: You are dopey. (Int -2) [potion of mutation]
 12711 | D:12     | Lost mutation: You are agile. (Dex +2) [potion of mutation]
 12711 | D:12     | Gained mutation: Scrolls take you a little longer to read. [potion of mutation]
 12711 | D:12     | Gained mutation: Your spells are a little harder to cast, but a little more powerful. [potion of mutation]
 12854 | D:12     | Reached XP level 12. HP: 98/113 MP: 15/15
 13065 | D:12     | Reached skill level 5 in Shields
 13117 | D:12     | Noticed a two-headed ogre
 13164 | D:12     | Killed a two-headed ogre
 13164 | D:12     | Reached skill level 1 in Spellcasting
 13195 | D:12     | Noticed a two-headed ogre
 13216 | D:12     | Killed a two-headed ogre
 13619 | D:12     | Noticed a four-headed hydra
 13650 | D:12     | Killed a four-headed hydra
 13950 | D:13     | Found a gate to the Vaults.
 13950 | D:13     | Noticed a vault guard
 13950 | D:13     | Noticed a vault guard
 13950 | D:13     | Noticed a vault guard
 13950 | D:13     | Noticed a vault guard
 13951 | D:13     | Noticed a vault guard
 13951 | D:13     | Noticed a vault guard
 13952 | D:13     | Noticed a vault guard
 13952 | D:13     | Noticed a vault guard
 13976 | D:13     | Killed a vault guard
 13978 | D:13     | Killed a vault guard
 13997 | D:13     | Killed a vault guard
 14016 | D:13     | Killed a vault guard
 14022 | D:13     | Killed a vault guard
 14034 | D:13     | Killed a vault guard
 14048 | D:13     | Killed a vault guard
 14078 | D:13     | Killed a vault guard
 14975 | D:13     | Reached ***** piety under Ashenzari
 15012 | D:13     | Noticed a two-headed ogre
 15021 | D:13     | Killed a two-headed ogre
 15043 | D:13     | Found an opulent altar of Gozag.
 15050 | D:13     | Noticed Azrael
 15333 | D:14     | Noticed Nessos
 15361 | D:14     | Killed Nessos
 15361 | D:14     | Reached XP level 13. HP: 66/119 MP: 19/19
 15367 | D:14     | HP: 4/119 [yak (11)]
 15369 | D:14     | HP: 1/119 [yak (4)]
 15799 | D:13     | Killed Azrael
 16638 | D:14     | Reached skill level 10 in Dodging
 16815 | D:14     | Reached skill level 5 in Spellcasting
 16831 | D:14     | Learned a level 4 spell: Petrify
 17017 | D:14     | Reached skill level 1 in Transmutations
 17017 | D:14     | Reached skill level 1 in Earth Magic
 17062 | D:14     | Noticed Snorg
 17287 | D:14     | Killed Snorg
 17755 | D:14     | HP: 3/119 [white ugly thing (29)]
 17760 | D:14     | Mangled by a white ugly thing

Vault maps used:
D:1:      minmay_arrival_widening_spiral_wide, grunt_decor_one_mirror
D:2:      uniq_crazy_yiuf_cottage
D:3:      marbit_many_paths, minivault_19, uniq_jessica, uniq_sigmund
D:4:      lightli_temple_of_fire, minmay_overflow_temple_star_quad, temple_hall
D:5:      kennysheep_mini_moat, kennysheep_mini, first_ration,
          small_statue_intersection, minmay_crystal_water, uniq_grinder
D:6:      uniq_eustachio, uniq_blork_the_orc
D:7:      doesnt_xom_only_xom, gammafunk_temple_overflow_wave, grunt_ogre_cave
D:8:      lemuel_zombie_altar_kikubaaqudgha, basic_altar,
          minmay_misc_feat_pillars, uniq_joseph
D:9:      dancing_weapons_uskayaw, kennysheep_orc_monster_closet_entryway,
          grunt_ministairs_5
D:10:     grunt_lair_entry_orc_guard_hut
D:11:     minmay_misc_feat_x, minmay_unpleasant_kobolds, uniq_harold
D:12:     grunt_dithmenos_smoke
D:13:     erik_vaults_2, nicolae_gozag_cash_rules_everything_around_me,
          uniq_azrael
D:14:     uniq_nessos, uniq_snorg
Temple:   cyrus_temple_forest

Skill      XL: |  1  2  3  4  5  6  7  8  9 10 11 12 13 |
---------------+----------------------------------------+-----
Dodging        | 3 4 5 6 7 8 9 10 | 10.0
Unarmed Combat | 4 5 6 7 8 10 11 12 | 12.9
Fighting       | 4 5 12 | 12.7
Evocations     | 2 4 5 6 7 |  7.6
Stealth        | 3 5 |  5.0
Shields        | 4 5 |  5.0
Spellcasting   | 4 5 |  5.5
Transmutations | 2 |  2.2
Earth Magic    | 2 |  2.2

Action                   |  1- 3 |  4- 6 |  7- 9 | 10-12 | 13-15 || total
-------------------------+-------+-------+-------+-------+-------++-------
Melee: Unarmed           |   129 |   183 |   209 |  1005 |   197 ||  1723
       Tailslap          |    14 |    27 |    44 |   178 |    45 ||   308
       Punch             |     3 |     4 |    14 |    15 |       ||    36
Throw: Tomahawk          |     3 |     2 |       |       |       ||     5
Invok: Curse Item        |       |     1 |     1 |     2 |       ||     4
 Abil: Breathe Noxious F |       |       |     9 |    35 |    10 ||    54
Evoke: Wand              |       |       |    17 |    22 |     9 ||    48
  Use: Potion            |       |     2 |     1 |    10 |     1 ||    14
       Scroll            |       |       |     9 |    13 |     2 ||    24
 Stab: Sleeping          |     9 |     4 |     1 |    19 |     1 ||    34
       Confused          |       |       |     7 |    31 |     7 ||    45
       Paralysed         |       |       |       |    23 |     6 ||    29
  Eat: Chunk             |     1 |     6 |     2 |    26 |    18 ||    53
       Ration            |       |     1 |     2 |     5 |     1 ||     9
Armor: Skin              |    24 |    33 |    30 |   165 |    22 ||   274
Dodge: Dodged            |    67 |   102 |   151 |   567 |   107 ||   994
Block: Buckler           |       |       |       |   115 |    51 ||   166

Table legend:
 A = Spawn XP
 B = Non-spawn XP
 C = Spawn XP percentage of total XP
 D = Spawn monster count
 E = Non-spawn monster count
 F = Spawn count percentage of total count
 G = Total turns spent on level
                    A         B        C        D         E        F      G
               +---------+---------+-------+---------+---------+-------+---------
         Total |       0 |   46355 |   0.0 |       0 |     384 |   0.0 | 17760
               +---------+---------+-------+---------+---------+-------+---------
           D:1 |       0 |      37 |   0.0 |       0 |      24 |   0.0 |   831
           D:2 |       0 |     141 |   0.0 |       0 |      23 |   0.0 |  1338
           D:3 |       0 |     365 |   0.0 |       0 |      27 |   0.0 |   688
           D:4 |       0 |      81 |   0.0 |       0 |       5 |   0.0 |  1073
           D:5 |       0 |     935 |   0.0 |       0 |      24 |   0.0 |  1046
           D:6 |       0 |     647 |   0.0 |       0 |      10 |   0.0 |   823
           D:7 |       0 |    1172 |   0.0 |       0 |      28 |   0.0 |   771
           D:8 |       0 |    1932 |   0.0 |       0 |      23 |   0.0 |  1184
           D:9 |       0 |    3778 |   0.0 |       0 |      50 |   0.0 |  1289
          D:10 |       0 |    4415 |   0.0 |       0 |      41 |   0.0 |  1378
          D:11 |       0 |    3436 |   0.0 |       0 |      40 |   0.0 |  1801
          D:12 |       0 |    7533 |   0.0 |       0 |      33 |   0.0 |  1595
          D:13 |       0 |   12875 |   0.0 |       0 |      32 |   0.0 |  2650
          D:14 |       0 |    9008 |   0.0 |       0 |      24 |   0.0 |  1209
               +---------+---------+-------+---------+---------+-------+---------
